[Event "Titled Tuesday Blitz July 4 Early 2023"]
[White "Demchenko, Anton"]
[Black "Ozdemir, Serhan Berat"]
[WhiteFideId "4160258"]
[BlackFideId "6374611"]
[WhiteElo "2878"]
[BlackElo "2626"]
[Result "1-0"]
[Round "6"]
[TimeControl "180+2"]
[Date "2023.07.04"]
[WhiteClock "0:00:51"]
[BlackClock "0:00:00"]
[Board "42"]

1. e4 c5 2. Nf3 e6 3. d4 cxd4 4. Nxd4 a6 5. Bd3 Nf6 6. O-O Qc7 7. Qe2 d6 8. c4 Nbd7 9. Nc3 g6 10. Be3 Bg7 11. Rac1 O-O 12. f3 b6 13. Qd2 Bb7 14. Rfd1 Rfd8 15. Bf1 Rac8 16. Qf2 Qb8 17. Nc2 Bc6 18. Nb4 Nc5 19. Nxc6 Rxc6 20. Ne2 Rcc8 21. Nd4 h6 22. h3 g5 23. b4 Ncd7 24. b5 Ne5 25. bxa6 Qa7 26. Nb5 Qxa6 27. Bxb6 Rd7 28. Nxd6 Rxd6 29. Rxd6 Qa3 30. Rdd1 Nh5 31. Be3 Nf4 32. Bxf4 gxf4 33. c5 Ng6 34. c6 Be5 35. Kh1 Qxa2 36. Qxa2 1-0


[Site "https://www.chess.com"]

[Event "Titled Tuesday Blitz July 4 Early 2023"]
[White "Kovalenko, Igor"]
[Black "Perez Candelario, Manuel"]
[WhiteFideId "14117908"]
[BlackFideId "2210622"]
[WhiteElo "2876"]
[BlackElo "2584"]
[Result "1-0"]
[Round "6"]
[TimeControl "180+2"]
[Date "2023.07.04"]
[WhiteClock "0:01:18"]
[BlackClock "0:00:00"]
[Board "43"]

1. d4 d5 2. c4 e6 3. Nc3 Nf6 4. Nf3 Be7 5. Bf4 O-O 6. e3 b6 7. Rc1 Bb7 8. a3 a6 9. cxd5 exd5 10. Bd3 Nbd7 11. h4 c5 12. Ne5 Re8 13. Ne2 c4 14. Bf5 Nf8 15. g4 Ne4 16. g5 b5 17. f3 Nd6 18. Bb1 a5 19. Kf2 b4 20. Qc2 Bc8 21. Ng3 b3 22. Qd2 Ra6 23. Ng4 Be6 24. Be5 Qc8 25. Qe2 Nf5 26. Nh5 Ng6 27. Rcg1 Nxe5 28. Nxe5 Nd6 29. Nf6+ Kh8 30. Nxe8 Qxe8 31. h5 Bf5 32. g6 fxg6 33. hxg6 h6 34. Bxf5 Nxf5 35. Rh5 Nd6 36. f4 Kg8 37. Qg4 Bf8 38. Kf3 Ne4 39. Qd7 Qxd7 40. Nxd7 c3 41. bxc3 Bxa3 42. Rxd5 Nxc3 43. Re5 Ra8 44. Nb6 b2 45. Nxa8 1-0


[Site "https://www.chess.com"]

[Event "Titled Tuesday Blitz July 4 Early 2023"]
[White "Ter-Sahakyan, Samvel"]
[Black "Parpiev, Isaak"]
[WhiteFideId "13302531"]
[BlackFideId "34281576"]
[WhiteElo "2867"]
[BlackElo "2564"]
[Result "1-0"]
[Round "6"]
[TimeControl "180+2"]
[Date "2023.07.04"]
[WhiteClock "0:00:13"]
[BlackClock "0:00:02"]
[Board "44"]

1. d4 Nf6 2. c4 c5 3. d5 b5 4. cxb5 a6 5. e3 g6 6. Nc3 Bg7 7. a4 O-O 8. e4 d6 9. Nf3 axb5 10. Bxb5 Ba6 11. Nd2 Nfd7 12. O-O Bxc3 13. bxc3 Bxb5 14. c4 Ba6 15. Bb2 f6 16. Ra3 Ne5 17. Qc2 Bc8 18. f4 Nf7 19. h3 Na6 20. Nf3 Nb4 21. Qc3 e5 22. dxe6 Bxe6 23. Nd2 Qe7 24. f5 gxf5 25. exf5 Bd7 26. Qxf6 Qxf6 27. Bxf6 Ne5 28. Ne4 Rxf6 29. Nxf6+ Kf7 30. Ne4 Nxc4 31. Rc3 d5 32. Nxc5 Bxa4 33. Ne4 Bc2 34. Ng5+ Kf6 35. Nxh7+ Ke5 36. Ng5 Bxf5 37. Nf3+ Kd6 38. Nd4 Be4 39. Rg3 Kc5 40. Ne6+ Kb6 41. Rf6 Kb5 42. Nc7+ Kc5 43. Nxa8 d4 44. Rg5+ Bd5 45. Nc7 d3 46. Nxd5 Nxd5 47. Rff5 Ne3 48. Kf2 Nxf5 49. Rxf5 Kd4 50. Rxd5+ Kxd5 51. Ke3 1-0


[Site "https://www.chess.com"]

[Event "Titled Tuesday Blitz July 4 Early 2023"]
[White "Richter, Paul"]
[Black "Harsha Bharathakoti"]
[WhiteFideId "2046350"]
[BlackFideId "5078776"]
[WhiteElo "2553"]
[BlackElo "2858"]
[Result "0-1"]
[Round "6"]
[TimeControl "180+2"]
[Date "2023.07.04"]
[WhiteClock "0:00:02"]
[BlackClock "0:00:50"]
[Board "45"]

1. e4 e5 2. Nf3 d6 3. d4 Nd7 4. Nc3 Ngf6 5. Bc4 Be7 6. O-O O-O 7. Re1 c6 8. a4 b6 9. d5 c5 10. a5 Rb8 11. axb6 axb6 12. Bb5 Bb7 13. Nd2 Qc7 14. Nc4 Ra8 15. Rxa8 Rxa8 16. Bg5 h6 17. Bxd7 hxg5 18. Bb5 g6 19. b3 Kg7 20. Qd2 g4 21. Ne3 Rh8 22. Ra1 Qb8 23. Be2 Bc8 24. Qd1 b5 25. Bxb5 Nxe4 26. Nxe4 Qxb5 27. Nc4 Qb8 28. Qd2 Bf5 29. Ng3 Bd7 30. Ne4 Bb5 31. Qa5 Bxc4 32. bxc4 Qb2 33. Qa7 Rb8 34. Re1 Bf8 35. Qa4 Qd4 36. Qd7 Qxe4 0-1


[Site "https://www.chess.com"]

[Event "Titled Tuesday Blitz July 4 Early 2023"]
[White "Talibov, Shiroghlan"]
[Black "Rottenwohrer Suarez, Juan"]
[WhiteFideId "13429078"]
[BlackFideId "32068182"]
[WhiteElo "2799"]
[BlackElo "2523"]
[Result "1-0"]
[Round "6"]
[TimeControl "180+2"]
[Date "2023.07.04"]
[WhiteClock "0:00:18"]
[BlackClock "0:00:00"]
[Board "46"]

1. e4 c5 2. c4 Nc6 3. Nc3 g6 4. g3 Bg7 5. Bg2 Rb8 6. Nge2 a6 7. d3 b5 8. O-O Nf6 9. Be3 d6 10. b3 b4 11. Nd5 Ng4 12. Bg5 h6 13. Bd2 O-O 14. h3 Nge5 15. Be3 a5 16. d4 cxd4 17. Nxd4 Nxd4 18. Bxd4 Nc6 19. Bxg7 Kxg7 20. Qd2 e5 21. f4 Nd4 22. f5 gxf5 23. exf5 Bxf5 24. g4 Bg6 25. Nf6 Ne6 26. Nd5 Nd4 27. Rf2 Qg5 28. Qb2 f5 29. Rd1 fxg4 30. Rxd4 Rxf2 31. Qxf2 gxh3 32. Nc7 Qxg2+ 33. Qxg2 hxg2 34. Rxd6 Be4 35. Ne6+ Kf6 36. Nc5+ Kf5 37. Rxh6 Rd8 38. Nxe4 Kxe4 39. Rg6 Rd2 40. Rxg2 Rd1+ 41. Kh2 Kd4 42. Rg5 e4 43. Rd5+ Kc3 44. Rxd1 e3 45. c5 e2 46. Re1 Kd2 47. Rxe2+ Kxe2 48. c6 1-0


[Site "https://www.chess.com"]

[Event "Titled Tuesday Blitz July 4 Early 2023"]
[White "Philippe, Guillaume"]
[Black "Mekhitarian, Krikor Sevag"]
[WhiteFideId "36048763"]
[BlackFideId "2107660"]
[WhiteElo "2440"]
[BlackElo "2786"]
[Result "0-1"]
[Round "6"]
[TimeControl "180+2"]
[Date "2023.07.04"]
[WhiteClock "0:00:02"]
[BlackClock "0:01:11"]
[Board "47"]

1. e4 e6 2. d4 d5 3. Nc3 Nf6 4. e5 Nfd7 5. Nce2 c5 6. c3 Nc6 7. Nf3 Be7 8. a3 O-O 9. Nf4 Qa5 10. Be3 Nxd4 11. Nxd4 cxd4 12. Bxd4 Qc7 13. Qh5 g6 14. Qe2 Re8 15. h4 Bf8 16. h5 Bg7 17. Nd3 b6 18. Qe3 Ba6 19. f4 f6 20. exf6 Nxf6 21. Ne5 Bxf1 22. Rxf1 Nxh5 23. O-O-O Nf6 24. Rh1 b5 25. Qh3 a5 26. Ng4 Qxf4+ 27. Kb1 Qxg4 28. Qh2 Nh5 29. Rhe1 Bxd4 30. Rxd4 Qg3 31. Qg1 Nf6 32. Ka1 Ne4 33. Re3 Qe5 34. Qd1 Reb8 35. g4 b4 36. a4 bxc3 37. bxc3 Qd6 38. Rexe4 Qa3# 0-1


[Site "https://www.chess.com"]

[Event "Titled Tuesday Blitz July 4 Early 2023"]
[White "Golubev, Mikhail"]
[Black "Makarian, Rudik"]
[WhiteFideId "14100983"]
[BlackFideId "44105681"]
[WhiteElo "2558"]
[BlackElo "2979"]
[Result "1/2-1/2"]
[Round "6"]
[TimeControl "180+2"]
[Date "2023.07.04"]
[WhiteClock "0:02:28"]
[BlackClock "0:00:02"]
[Board "49"]

1. e4 c5 2. Nf3 e6 3. d4 cxd4 4. Nxd4 Nc6 5. Nc3 Nf6 6. Bf4 Bb4 7. Nb5 Nxe4 8. Qf3 d5 9. Nc7+ Kf8 10. Nxa8 e5 11. Bd2 Nd4 12. Qd1 Qh4 13. g3 Qf6 14. Nxe4 Nf3+ 15. Ke2 Nd4+ 16. Ke1 Nf3+ 17. Ke2 Nd4+ 18. Ke1 Nf3+ 19. Ke2 1/2-1/2


[Site "https://www.chess.com"]

[Event "Titled Tuesday Blitz July 4 Early 2023"]
[White "Lana Rodriguez, David"]
[Black "Kramnik, Vladimir"]
[WhiteFideId "2270803"]
[BlackFideId "4101588"]
[WhiteElo "2554"]
[BlackElo "2969"]
[Result "0-1"]
[Round "6"]
[TimeControl "180+2"]
[Date "2023.07.04"]
[WhiteClock "0:00:05"]
[BlackClock "0:00:05"]
[Board "50"]

1. e4 c5 2. Nf3 e6 3. b3 a6 4. Bb2 Nc6 5. Nc3 Nf6 6. d4 cxd4 7. Nxd4 Qc7 8. Nxc6 bxc6 9. Bd3 Bd6 10. h3 Be5 11. O-O g5 12. Na4 Rg8 13. Bxe5 Qxe5 14. Qd2 Nh5 15. Qc3 Qxc3 16. Nxc3 d5 17. exd5 cxd5 18. Bxh7 Rh8 19. Bd3 Nf4 20. Ne2 e5 21. Nxf4 gxf4 22. f3 Ke7 23. Rfe1 f6 24. Rad1 Be6 25. b4 a5 26. a3 Rhc8 27. Rb1 Rc3 28. bxa5 Rxa5 29. Rb7+ Kd8 30. Reb1 Rc7 31. Rb8+ Ke7 32. R8b7 Rxb7 33. Rxb7+ Kf8 34. Rb6 Kf7 35. Rb7+ Kf8 36. Rb6 Ke7 37. Rb7+ Kd6 38. Rb6+ Kd7 39. Bb5+ Ke7 40. Rb7+ Kd6 41. a4 e4 42. h4 e3 43. Rb6+ Ke5 44. h5 Bf5 45. Rc6 Ra7 46. Rc5 Kd4 47. Rc6 Ke5 48. Rc5 Rh7 49. c4 Kd4 50. Rxd5+ Kc3 51. c5 Be6 52. Rd6 Bc4 53. Bxc4 Kxc4 54. Rxf6 Rb7 55. h6 Rb1+ 56. Kh2 e2 57. Re6 e1=Q 58. Rxe1 Rxe1 59. g4 fxg3+ 60. Kxg3 Re6 61. Kg4 Rxh6 62. Kg5 Rc6 63. f4 Kxc5 64. f5 Kd5 65. f6 Ke6 66. Kg6 Rc1 67. f7 Rg1+ 68. Kh7 Kxf7 69. a5 Ra1 70. a6 Rh1# 0-1


[Site "https://www.chess.com"]

[Event "Titled Tuesday Blitz July 4 Early 2023"]
[White "Sowa, Ryan"]
[Black "Ibarra Jerez, Jose Carlos"]
[WhiteFideId "30901693"]
[BlackFideId "2226332"]
[WhiteElo "2553"]
[BlackElo "2894"]
[Result "0-1"]
[Round "6"]
[TimeControl "180+2"]
[Date "2023.07.04"]
[WhiteClock "0:01:38"]
[BlackClock "0:02:15"]
[Board "51"]

1. Nf3 d6 2. d4 Nf6 3. g3 g6 4. b3 Bg7 5. Bb2 O-O 6. Bg2 b5 7. O-O Bb7 8. Nbd2 Nbd7 9. c4 bxc4 10. Nxc4 a5 11. a3 Ra6 12. Rc1 Qa8 13. Ncd2 c5 14. Qc2 Rc8 15. Qb1 Ne4 16. Nxe4 Bxe4 17. Qa1 Rb8 18. dxc5 Bxb2 19. Qxb2 Nxc5 20. b4 axb4 21. axb4 Ra2 22. Qc3 Ra3 23. Qd2 Nb3 24. Qh6 Nxc1 25. Ng5 Nxe2+ 0-1


[Site "https://www.chess.com"]

[Event "Titled Tuesday Blitz July 4 Early 2023"]
[White "Thecourseoisildur"]
[Black "Bacrot, Etienne"]
[BlackFideId "605506"]
[WhiteElo "2551"]
[BlackElo "2851"]
[Result "0-1"]
[Round "6"]
[TimeControl "180+2"]
[Date "2023.07.04"]
[WhiteClock "0:00:00"]
[BlackClock "0:00:34"]
[Board "52"]

1. e4 c5 2. Nf3 d6 3. d4 cxd4 4. Nxd4 Nf6 5. Nc3 Nc6 6. Bg5 e6 7. Qd2 a6 8. O-O-O h6 9. Be3 Qc7 10. f3 b5 11. Nxc6 Qxc6 12. e5 b4 13. Ne4 Nd5 14. exd6 Bxd6 15. Bc4 Be7 16. Bxd5 exd5 17. Qxd5 Qxd5 18. Rxd5 Be6 19. Ra5 O-O 20. Bc5 Rfe8 21. Bxe7 Rxe7 22. Rd1 g5 23. Nc5 Bc4 24. Rd4 Re1+ 25. Kd2 Re2+ 26. Kd1 Rxg2 27. Rxc4 Rd8+ 28. Nd3 Rxh2 29. Rxa6 Kg7 30. Rxb4 h5 31. Rb5 f6 32. Rbb6 Rf8 33. Rb7+ Kg6 34. Ne5+ Kf5 35. Nd7 Rf7 36. Rb5+ Kf4 37. Rxf6+ Rxf6 38. Nxf6 h4 39. Nh5+ Ke3 40. Re5+ Kxf3 41. Rxg5 Rh1+ 42. Kd2 h3 43. Rg3+ Kf2 44. Rxh3 Rxh3 45. Nf4 Rh2 46. Nd3+ Kf3+ 47. Kc3 Ke4 48. a4 Kd5 49. b3 Kc6 50. Nb4+ Kc5 51. Nd3+ Kb6 52. Kb2 Ka5 53. Ne5 Rh3 54. Nc6+ Kb6 55. Nb4 Ka5 56. Nd3 Rh8 57. Ka3 Rh2 58. b4+ Kb6 59. Kb3 Rh1 60. Nc5 Rb1+ 61. Kc3 Rh1 62. Nb3 Rh3+ 63. Kb2 Rh4 64. c3 Rh2+ 65. Kb1 Kc6 66. Nd4+ Kd5 67. Nc2 Kc4 68. Ne3+ Kxc3 69. Nd5+ Kc4 70. Ne3+ Kxb4 71. Kc1 Kc3 72. Kd1 Kd3 73. Nf1 Re2 74. a5 Re5 75. a6 Re7 76. Nh2 Rd7 77. Ke1 Ke3 78. Kf1 Rg7 0-1


[Site "https://www.chess.com"]

[Event "Titled Tuesday Blitz July 4 Early 2023"]
[White "WindWhistler11"]
[Black "Pap, Gyula"]
[BlackFideId "725323"]
[WhiteElo "2551"]
[BlackElo "2844"]
[Result "0-1"]
[Round "6"]
[TimeControl "180+2"]
[Date "2023.07.04"]
[WhiteClock "0:00:00"]
[BlackClock "0:01:51"]
[Board "53"]

1. Nf3 d5 2. c4 e6 3. g3 d4 4. Bg2 Nc6 5. d3 Nge7 6. O-O Nf5 7. e4 dxe3 8. fxe3 h5 9. d4 h4 10. g4 h3 11. Bh1 Nh6 12. Ne1 e5 13. Bd5 Ne7 14. Bf3 Ng6 15. e4 Qxd4+ 16. Qxd4 exd4 17. Bxh6 Rxh6 18. Nd3 Rh4 19. Nf2 Ne5 20. Bd1 Nxc4 21. b3 Ne3 0-1


[Site "https://www.chess.com"]

[Event "Titled Tuesday Blitz July 4 Early 2023"]
[White "Bharath Subramaniyam H"]
[Black "Degenbaev, Aziz"]
[WhiteFideId "46634827"]
[BlackFideId "13802640"]
[WhiteElo "2822"]
[BlackElo "2548"]
[Result "0-1"]
[Round "6"]
[TimeControl "180+2"]
[Date "2023.07.04"]
[WhiteClock "0:00:17"]
[BlackClock "0:00:06"]
[Board "54"]

1. b3 e5 2. Bb2 Nc6 3. c4 Nf6 4. e3 Bb4 5. a3 Be7 6. Qc2 O-O 7. Nc3 d6 8. Nf3 h6 9. Be2 Be6 10. d4 exd4 11. exd4 d5 12. c5 Re8 13. O-O Qd7 14. b4 Bf8 15. b5 Ne7 16. Ne5 Qc8 17. Rad1 Bf5 18. Qb3 Rd8 19. Rfe1 Ne4 20. Nxe4 Bxe4 21. Bh5 g6 22. Rxe4 Qf5 23. Bg4 Qxe4 24. g3 h5 25. f3 Qe2 26. Bh3 Nf5 27. Bxf5 gxf5 28. Bc3 Qe3+ 29. Kf1 Bg7 30. Re1 Qh6 31. f4 h4 32. Kg2 a6 33. b6 cxb6 34. cxb6 Rac8 35. Nd3 h3+ 36. Kf2 Re8 37. Nc5 Rxe1 38. Kxe1 Re8+ 39. Kf2 Qc6 40. a4 Bf8 41. Qb4 Bxc5 42. dxc5 d4 0-1


[Site "https://www.chess.com"]

[Event "Titled Tuesday Blitz July 4 Early 2023"]
[White "Svane, Frederik"]
[Black "Osmak, Yuliia"]
[WhiteFideId "12923044"]
[BlackFideId "14101602"]
[WhiteElo "2813"]
[BlackElo "2538"]
[Result "1-0"]
[Round "6"]
[TimeControl "180+2"]
[Date "2023.07.04"]
[WhiteClock "0:02:11"]
[BlackClock "0:01:46"]
[Board "55"]

1. d4 Nf6 2. Nf3 d5 3. Bf4 e6 4. e3 Bd6 5. Nbd2 O-O 6. Bg5 Nbd7 7. Bd3 c5 8. c3 Qc7 9. O-O b6 10. e4 dxe4 11. Nxe4 Nxe4 12. Bxe4 Bb7 13. Bxb7 Qxb7 14. dxc5 Bxc5 15. b4 f6 16. Bh4 Be7 17. Qb3 Qd5 18. Qxd5 exd5 19. Rfd1 Rad8 20. Rxd5 Ne5 21. Rxe5 fxe5 22. Bxe7 1-0


[Site "https://www.chess.com"]

[Event "Titled Tuesday Blitz July 4 Early 2023"]
[White "demon64fields"]
[Black "Namitbir Singh Walia"]
[BlackFideId "35071068"]
[WhiteElo "2808"]
[BlackElo "2539"]
[Result "1-0"]
[Round "6"]
[TimeControl "180+2"]
[Date "2023.07.04"]
[WhiteClock "0:02:40"]
[BlackClock "0:00:43"]
[Board "56"]

1. Nf3 Nf6 2. g3 g6 3. Bg2 Bg7 4. O-O O-O 5. d4 d5 6. Nbd2 c5 7. dxc5 Na6 8. Nb3 Ne4 9. Ng5 f5 10. c3 e5 11. Nxe4 fxe4 12. f3 exf3 13. exf3 Be6 14. f4 Rc8 15. fxe5 Bxe5 16. Rxf8+ Qxf8 17. Qe2 Qf6 18. Be3 Rf8 19. Rf1 Qg7 20. c6 bxc6 21. Qxa6 1-0


[Site "https://www.chess.com"]

[Event "Titled Tuesday Blitz July 4 Early 2023"]
[White "Stribuk, Artiom"]
[Black "Tikhonov, Viacheslav"]
[WhiteFideId "13515659"]
[BlackFideId "44196407"]
[WhiteElo "2803"]
[BlackElo "2537"]
[Result "1-0"]
[Round "6"]
[TimeControl "180+2"]
[Date "2023.07.04"]
[WhiteClock "0:00:05"]
[BlackClock "0:00:24"]
[Board "57"]

1. d4 Nf6 2. c4 e6 3. g3 d5 4. Bg2 Be7 5. Nf3 O-O 6. O-O dxc4 7. Na3 Bxa3 8. bxa3 Bd7 9. Bf4 Bc6 10. Qc2 b5 11. a4 Be4 12. Qb2 bxa4 13. Rac1 Qd5 14. Qb4 Nbd7 15. Qxc4 Qxc4 16. Rxc4 Nd5 17. Rfc1 N7b6 18. Rc5 Nxf4 19. gxf4 Nd5 20. e3 Rfb8 21. Ra5 Rb4 22. Ne5 Bxg2 23. Kxg2 g6 24. Nd3 Rb6 25. Rxa4 a6 26. Rc2 Rab8 27. Ne5 Rb2 28. Rxb2 Rxb2 29. Kf3 Nc3 30. Rc4 Nd1 31. Rxc7 Rxf2+ 32. Kg3 Rxa2 33. e4 Ra3+ 34. Kg2 f6 35. Rc8+ Kg7 36. Rc7+ Kg8 37. Nd7 Kg7 38. Nc5+ Kh6 39. Nxe6 Ne3+ 40. Kf2 Ng4+ 41. Kg2 Ra2+ 42. Kg3 Nxh2 43. d5 Nf1+ 44. Kf3 Nd2+ 45. Ke3 Nf1+ 46. Kd3 Rd2+ 47. Kc3 Re2 48. Nf8 Kh5 49. Rxh7+ Kg4 50. d6 Rd2 51. e5 fxe5 52. fxe5 Kf5 53. Re7 Rd5 54. d7 Ne3 55. e6 Kf6 56. Re8 Nf5 57. d8=Q+ Rxd8 58. Rxd8 Ke7 59. Ra8 g5 60. Kd3 g4 61. Ke4 g3 62. Kf3 a5 63. Kg2 a4 64. Ng6+ Kf6 65. Nf4 Ke5 66. Rxa4 Ne3+ 67. Kxg3 Nf1+ 68. Kg4 Ne3+ 69. Kg5 Nc2 70. e7 Kd6 71. e8=Q Kc5 72. Qc8+ Kb5 73. Qxc2 Kb6 74. Qc4 Kb7 75. Ra6 1-0


[Site "https://www.chess.com"]

[Event "Titled Tuesday Blitz July 4 Early 2023"]
[White "Kantor, Gergely"]
[Black "Demin, Vladimir"]
[WhiteFideId "751499"]
[BlackFideId "4167457"]
[WhiteElo "2801"]
[BlackElo "2536"]
[Result "1-0"]
[Round "6"]
[TimeControl "180+2"]
[Date "2023.07.04"]
[WhiteClock "0:00:43"]
[BlackClock "0:00:46"]
[Board "58"]

1. e4 e5 2. Nf3 Nc6 3. Bc4 Nf6 4. d3 h6 5. Nbd2 d6 6. c3 g5 7. h4 g4 8. Nh2 h5 9. Qe2 Bg7 10. f3 Ne7 11. Ndf1 Ng6 12. g3 Qe7 13. Ne3 gxf3 14. Nxf3 Nf8 15. Ng5 Ne6 16. Nf5 Qf8 17. O-O c6 18. Qf3 d5 19. exd5 cxd5 20. Bxd5 Qc5+ 21. Be3 Qxd5 22. Nxg7+ Nxg7 23. Qxf6 Rg8 24. Nxf7 Bh3 25. Rf2 Kd7 26. Nxe5+ Kc7 27. c4 Qe6 28. Qf7+ Kd6 29. Qxb7 Kxe5 30. Re1 Qd7 31. Bc5# 1-0


[Site "https://www.chess.com"]

[Event "Titled Tuesday Blitz July 4 Early 2023"]
[White "Rustemov, Alexander"]
[Black "Besedes, Danilo"]
[WhiteFideId "4119002"]
[BlackFideId "946796"]
[WhiteElo "2773"]
[BlackElo "2534"]
[Result "1-0"]
[Round "6"]
[TimeControl "180+2"]
[Date "2023.07.04"]
[WhiteClock "0:00:06"]
[BlackClock "0:00:53"]
[Board "59"]

1. d4 d6 2. Nf3 Nf6 3. g3 Nbd7 4. c4 e5 5. Nc3 Be7 6. Bg2 O-O 7. O-O c6 8. e4 Qc7 9. h3 a6 10. Be3 b5 11. c5 dxc5 12. Nxe5 Nxe5 13. dxe5 Qxe5 14. f4 Qc7 15. e5 Nd5 16. Nxd5 cxd5 17. Qxd5 Be6 18. Qe4 Rad8 19. f5 Bd5 20. Qf4 Bxg2 21. Kxg2 Qc6+ 22. Qf3 Qxf3+ 23. Kxf3 Rd3 24. Ke4 Rfd8 25. g4 c4 26. Rac1 Bb4 27. Rc2 Kf8 28. h4 Ke8 29. h5 a5 30. g5 a4 31. h6 gxh6 32. gxh6 Bd2 33. Bc5 Bxh6 34. Rh1 Bf8 35. Be3 h6 36. Rg2 Kd7 37. a3 Kc8 38. Rc1 Kb7 39. Rcc2 c3 40. bxc3 Bxa3 41. Bd4 Rh3 42. Rg7 Rf8 43. e6 Kc6 44. Rxf7 Rxf7 45. exf7 Kd7 46. Ke5 Ke7 47. Rg2 Kxf7 48. Kd5 Rf3 49. Rg7+ Kf8 50. f6 Rf1 51. Ke6 Re1+ 52. Kf5 b4 53. Rb7 bxc3 54. Bxc3 Rf1+ 55. Kg6 Rg1+ 56. Kh7 Bc5 57. Rc7 Be3 58. Bb4+ Ke8 59. f7+ Kd8 60. f8=Q+ Kxc7 61. Qe7+ Kc6 62. Qxe3 Rg5 63. Qe6+ Kb5 64. Ba3 Rg3 65. Qd5+ Ka6 66. Qd6+ 1-0


[Site "https://www.chess.com"]

[Event "Titled Tuesday Blitz July 4 Early 2023"]
[White "Trifan, Andrei Ioan"]
[Black "Rakhimzhan_Alen"]
[WhiteFideId "12967068"]
[WhiteElo "2531"]
[BlackElo "2709"]
[Result "1-0"]
[Round "6"]
[TimeControl "180+2"]
[Date "2023.07.04"]
[WhiteClock "0:00:44"]
[BlackClock "0:00:00"]
[Board "60"]

1. c4 e5 2. b3 Nc6 3. Bb2 Nf6 4. e3 g6 5. Nf3 d6 6. d4 exd4 7. Nxd4 Bg7 8. Be2 O-O 9. O-O Bd7 10. Qc2 Nxd4 11. Bxd4 Bf5 12. Qb2 Ne8 13. Rd1 Bxd4 14. Qxd4 Bxb1 15. Raxb1 Qe7 16. Bf3 c6 17. b4 a6 18. a4 Rc8 19. b5 cxb5 20. axb5 axb5 21. Rxb5 Rc7 22. Rdb1 Qf6 23. Qd3 Ng7 24. Bxb7 Rd8 25. Bd5 Ne6 26. h3 Nc5 27. Qd1 Ra7 28. Qf3 Qe5 29. g3 Kg7 30. Kg2 h5 31. h4 Re8 32. Rb6 Ra2 33. Kg1 Re7 34. Qd1 Qf6 35. Qf1 Nd3 36. c5 Rxf2 37. Qxd3 Rf5 38. Rxd6 Qe5 39. Qd4 1-0


[Site "https://www.chess.com"]

[Event "Titled Tuesday Blitz July 4 Early 2023"]
[White "Cherniaiev, Tykhon"]
[Black "Jovic, Stanoje"]
[WhiteFideId "14182360"]
[BlackFideId "905020"]
[WhiteElo "2703"]
[BlackElo "2530"]
[Result "1/2-1/2"]
[Round "6"]
[TimeControl "180+2"]
[Date "2023.07.04"]
[WhiteClock "0:00:09"]
[BlackClock "0:00:21"]
[Board "61"]

1. Nf3 Nf6 2. d4 e6 3. c4 b6 4. g3 Ba6 5. b3 Bb4+ 6. Bd2 Be7 7. Bg2 d5 8. O-O O-O 9. Ne5 c6 10. Qc2 Nfd7 11. Nxd7 Nxd7 12. e4 dxc4 13. bxc4 e5 14. Be3 exd4 15. Bxd4 Bf6 16. Bxf6 Qxf6 17. Nd2 Rfd8 18. Rad1 Qd4 19. Nb3 Qxc4 20. Qb2 Qb4 21. Rd4 Qe7 22. Rfd1 c5 23. R4d2 Nf8 24. h4 Rxd2 25. Rxd2 Rd8 26. Qa3 Rxd2 27. Nxd2 Bb5 28. Qb3 Bc6 29. Nc4 Ne6 30. Ne5 Nd4 31. Nxc6 Nxc6 32. Qd5 Nd8 33. e5 g6 34. f4 Ne6 35. h5 Kg7 36. Bh3 Nd4 37. Kf2 gxh5 38. f5 Qg5 39. f6+ Kg6 40. Qe4+ Kh6 41. Bd7 Qd2+ 42. Kf1 Ne6 43. Bxe6 fxe6 44. Qb7 Qc1+ 45. Kg2 Qc2+ 46. Kh3 Qf5+ 47. Kh2 Kg5 48. Qg7+ Qg6 49. Qb7 h4 50. gxh4+ Kh6 51. f7 Qc2+ 52. Kh3 Qd3+ 53. Kh2 Qe2+ 54. Kh3 Qf1+ 55. Kh2 Kg7 56. Qxa7 Qxf7 57. Qxb6 Qf4+ 58. Kh3 Qxe5 59. a4 Qf5+ 60. Kh2 Qf4+ 61. Kh3 Qf3+ 62. Kh2 Qf2+ 63. Kh3 Qe3+ 64. Kh2 Qd2+ 65. Kh3 Qd3+ 66. Kh2 Qc2+ 67. Kh3 Qxa4 68. Qxc5 Qb3+ 69. Kh2 Qd5 70. Qe7+ Kg6 71. Kg3 Qe5+ 72. Kh3 Qf6 73. Qe8+ Kf5 74. Qh5+ Ke4 75. Qe2+ Kd5 76. Qd3+ Qd4 77. Qxh7 e5 78. Qd7+ Ke4 79. Qg4+ Kd3 80. Qd1+ Kc3 81. Qa1+ Kc2 82. Qa2+ Kd1 83. Qb1+ Ke2 84. Qc2+ Kf3 85. Qg2+ Ke3 86. Qg3+ Kd2 87. Qg2+ Kc3 88. Qf3+ Kb4 89. Qb7+ Kc3 90. Qc6+ Kd2 91. Qg2+ Kc3 92. Qc6+ Kd3 93. Qb5+ Ke3 94. Qb3+ Ke2 95. Qc2+ Ke3 96. Qb3+ Ke4 97. Qb7+ Kd3 98. Qb3+ Kd2 99. Qa2+ Ke3 100. Qb3+ 1/2-1/2


[Site "https://www.chess.com"]

[Event "Titled Tuesday Blitz July 4 Early 2023"]
[White "Papasimakopoulos, Alexandros"]
[Black "Sreyas Payyappat"]
[WhiteFideId "4244125"]
[BlackFideId "46674969"]
[WhiteElo "2693"]
[BlackElo "2528"]
[Result "1-0"]
[Round "6"]
[TimeControl "180+2"]
[Date "2023.07.04"]
[WhiteClock "0:00:40"]
[BlackClock "0:00:07"]
[Board "62"]

1. d4 Nf6 2. c4 c5 3. d5 e6 4. Nc3 exd5 5. cxd5 d6 6. Nf3 g6 7. Bf4 Bg7 8. Qa4+ Bd7 9. Qb3 b5 10. Bxd6 Qb6 11. Be5 c4 12. Qd1 O-O 13. e3 b4 14. Nb1 Rc8 15. Nbd2 Bb5 16. a4 Ba6 17. Rc1 Nxd5 18. Bxg7 Kxg7 19. Bxc4 Nxe3 20. fxe3 Qxe3+ 21. Qe2 Qb6 22. a5 Qxa5 23. O-O Bxc4 24. Rxc4 Nd7 25. h3 Nf6 26. Qe5 Qb6+ 27. Kh1 Re8 28. Qd4 Qxd4 29. Rxd4 a5 30. Nc4 Re2 31. Nfe5 a4 32. Rdf4 Ra6 33. Nd7 Nh5 34. Rxf7+ Kh6 35. Kh2 a3 36. bxa3 bxa3 37. h4 a2 38. Nde5 Nf6 39. R7xf6 a1=Q 40. Rxa1 Rxa1 41. Rf7 Re4 42. Ne3 Rxh4+ 43. Kg3 Raa4 44. N5g4+ Kg5 45. Ne5 Raf4 46. Nf3+ Rxf3+ 47. gxf3 Rh1 48. Kg2 Ra1 49. Rxh7 Kf4 50. Nd5+ Ke5 51. Ne7 Kf6 52. Kg3 g5 53. Nd5+ Ke5 54. Ne3 Ra3 55. Ng4+ Kf5 56. Rf7+ Kg6 57. Rf6+ Kg7 58. Rb6 Ra4 59. Nf2 Rf4 60. Ne4 Rf5 61. Rc6 Kf7 62. Nd6+ 1-0


[Site "https://www.chess.com"]

[Event "Titled Tuesday Blitz July 4 Early 2023"]
[White "Koshulyan, Egor A."]
[Black "IrI_Cheetah"]
[WhiteFideId "24237000"]
[WhiteElo "2692"]
[BlackElo "2530"]
[Result "1/2-1/2"]
[Round "6"]
[TimeControl "180+2"]
[Date "2023.07.04"]
[WhiteClock "0:00:31"]
[BlackClock "0:00:04"]
[Board "63"]

1. e4 c5 2. Nf3 d6 3. d4 cxd4 4. Qxd4 Nc6 5. Bb5 Bd7 6. Bxc6 Bxc6 7. Nc3 Nf6 8. Bg5 e6 9. O-O-O Be7 10. Qd3 Qa5 11. Kb1 O-O 12. h4 b5 13. Nd4 Rfc8 14. f4 b4 15. Nxc6 Rxc6 16. Ne2 Ra6 17. Nc1 h6 18. g4 Rc8 19. Bxf6 Bxf6 20. g5 Rc3 21. Qd2 b3 22. cxb3 Rxc1+ 23. Kxc1 Qxa2 24. Qc2 Bxb2+ 25. Kd2 Qa5+ 26. Ke2 Qb5+ 27. Kf2 Ra2 28. Kg3 Qa6 29. Rd2 hxg5 30. hxg5 g6 31. Rdh2 e5 32. f5 Kf8 33. f6 Ke8 34. Rb1 Qb5 35. Rxb2 Rxb2 36. Qxb2 Qd3+ 37. Kf2 Qxe4 38. Qe2 Qf4+ 39. Kg1 Qxg5+ 40. Rg2 Qxf6 41. Qb5+ Kf8 42. Qb8+ Kg7 43. Qxa7 d5 44. Rf2 Qe6 45. b4 d4 46. b5 d3 47. Qa4 e4 48. Qd4+ Kg8 49. Rh2 Qg4+ 50. Rg2 Qd1+ 51. Kh2 Qh5+ 52. Kg3 Qf3+ 53. Kh2 Qh5+ 54. Kg1 Qd1+ 55. Kf2 Qe2+ 56. Kg3 Qf3+ 57. Kh2 Qh5+ 1/2-1/2


[Site "https://www.chess.com"]